 Dungeon Crawl Stone Soup version 0.17.1-3-g152610e (webtiles) character file.

287 Metrazal the Sneak (level 6, 0/30 HPs)
             Began as a Spriggan Assassin on Feb 20, 2016.
             Slain by CcS's ghost (8 damage)
             ... on level 4 of the Dungeon on Feb 21, 2016.
             The game lasted 00:43:53 (4989 turns).

Metrazal the Sneak (Spriggan Assassin)              Turns: 4989, Time: 00:43:53

Health: 0/30       AC:  3    Str: 12    XL:     6   Next: 8%
Magic:  7/7        EV: 20    Int: 13    God:
Gold:   190        SH:  0    Dex: 19    Spells: 0 memorised, 5 levels left

rFire  . . .     SeeInvis +     a - +2 dagger
rCold  . . .     Clarity  .     j - +0 robe
rNeg   . . .     SustAt   .     (shield restricted)
rPois  +         Gourm    .     (helmet restricted)
rElec  .         Spirit   .     d - +0 cloak
rCorr  .         Warding  .     (gloves unavailable)
rMut   .         Stasis   .     (boots unavailable)
MR     +....                    (no amulet)
Stlth  ++++......               m - ring of wizardry
                                l - ring of poison resistance

@: mighty, very quick, somewhat resistant to hostile enchantments, stealthy
A: unfitting armour, see invisible, herbivore 3, speed 3, slow metabolism 2
a: no special abilities


You were on level 4 of the Dungeon.
You were not hungry.

You visited 1 branch of the dungeon, and saw 4 of its levels.

You collected 190 gold pieces.

Inventory:

Hand Weapons
 a - a +2 dagger (weapon)
 b - a +0 blowgun
 c - a +0 hunting sling
Missiles
 e - 15 poisoned needles
 f - 2 curare-tipped needles
 i - 41 stones (quivered)
 k - 70 arrows
 p - 9 sling bullets
Armour
 d - a +0 cloak (worn)
 j - a +0 robe (worn)
Jewellery
 l - a ring of poison resistance (left hand)
 m - a ring of wizardry (right hand)
Wands
 n - a wand of magic darts (6)
 w - a wand of magic darts (27)
Scrolls
 o - 3 scrolls of teleportation {unknown}
 r - a scroll of amnesia {unknown}
 v - a scroll of enchant weapon {unknown}
 z - a scroll of enchant armour {unknown}
Potions
 h - a potion of agility
 s - 2 potions of curing {unknown}
 u - a potion of lignification {unknown}


   Skills:
 - Level 1.5 Fighting
 + Level 4.1 Short Blades
 * Level 3.6(4.0) Slings
 - Level 2.0(2.8) Throwing
 + Level 4.2 Dodging
 + Level 7.4 Stealth


You had 5 spell levels left.
You didn't know any spells.

Dungeon Overview and Level Annotations

Branches:
Dungeon (4/15)
 Temple: D:4-7

Altars:
Gozag
Vehumet
The Shining One
Beogh

Annotations:
D:4 CcS's ghost, amateur DrTm


Innate Abilities, Weirdness & Mutations

You are tiny and cannot use many weapons and most armour.
You have supernaturally acute eyesight.
You are a herbivore.
You cover ground extremely quickly.
You need consume almost no food.


Message History

CcS's ghost barely misses you.
You hit CcS's ghost but do no damage.
CcS's ghost is heavily damaged.
CcS's ghost misses you.
You completely miss CcS's ghost.
CcS's ghost is heavily damaged.
You closely miss CcS's ghost.
CcS's ghost is heavily damaged.
CcS's ghost completely misses you.
You miss CcS's ghost.
CcS's ghost is heavily damaged.
CcS's ghost hits you.
You closely miss CcS's ghost.
CcS's ghost is heavily damaged.
CcS's ghost hits you.
* * * LOW HITPOINT WARNING * * *
You barely miss CcS's ghost.
CcS's ghost is heavily damaged.
CcS's ghost hits you!
You die...

##.####(########(.#
#(# #(.# #.#
######(.#
#(###...##..#
####.(.....##(.#
#..?...(..#..##(.#
##########((###<.#
#..# #W.#
#.(###@.######
####..(.(....(...
..##.###########
#.##.#
#########.##.#
........>....#
.######.#.####
#.#.# #.#.#


You could see CcS's ghost.

Vanquished Creatures
  A giant frog (D:3)
  2 orc priests
  An orc wizard (D:3)
  Robin (D:2)
  3 adders (D:2)
  2 worms
  2 giant geckos (D:1)
  10 orcs
  2 ball pythons
  10 bats
  6 giant cockroaches
  23 goblins
  9 hobgoblins
  2 jackals (D:1)
  2 quokkas (D:2)
  2 giant newts
  6 kobolds
  7 rats
  A plant (D:1)
92 creatures vanquished.

Notes
Turn   | Place    | Note
--------------------------------------------------------------
     0 | D:1      | Metrazal the Spriggan Assassin began the quest for the Orb.
     0 | D:1      | Reached XP level 1. HP: 10/10 MP: 2/2
   139 | D:1      | Reached skill level 6 in Stealth
   388 | D:1      | Reached XP level 2. HP: 14/14 MP: 3/3
  1023 | D:1      | Reached XP level 3. HP: 18/18 MP: 4/4
  1415 | D:2      | Noticed Robin
  1425 | D:2      | Reached skill level 1 in Slings
  1450 | D:2      | Killed Robin
  2209 | D:2      | Reached XP level 4. HP: 22/22 MP: 5/5
  2236 | D:2      | Found a glowing golden altar of the Shining One.
  2997 | D:2      | Reached skill level 7 in Stealth
  3238 | D:2      | Reached XP level 5. HP: 15/25 MP: 6/6
  3713 | D:3      | Found a radiant altar of Vehumet.
  3714 | D:3      | Noticed a giant frog
  3807 | D:3      | Killed a giant frog
  4057 | D:3      | Found a roughly hewn altar of Beogh.
  4127 | D:3      | Reached XP level 6. HP: 7/30 MP: 7/7
  4525 | D:3      | Found an opulent altar of Gozag.
  4632 | D:4      | Noticed CcS's ghost (amateur DrTm)
  4989 | D:4      | Slain by CcS's ghost

Action                   |  1- 3 |  4- 6 || total
-------------------------+-------+-------++-------
Melee: Dagger            |   224 |   176 ||   400
 Fire: Hunting sling     |     8 |    68 ||    76
       Blowgun           |     1 |    11 ||    12
Throw: Stone             |    13 |     2 ||    15
Evoke: Wand              |       |    23 ||    23
  Use: Scroll            |     4 |     2 ||     6
       Potion            |       |     4 ||     4
 Stab: Sleeping          |     9 |     5 ||    14
       Distracted        |       |     1 ||     1
  Eat: Bread ration      |       |     1 ||     1
